Jets vs Senateurs
Created - November 8, 2024 at 19:26
Goals
|
| Jets |
2 |
0 |
2 |
4 |
| Senateurs |
0 |
1 |
0 |
1 |
|
Shots
|
| Jets |
8 |
5 |
19 |
32 |
| Senateurs |
13 |
13 |
7 |
33 |
|
1st period
1. Jets , Frank Vatrano 2 (Jeff Carter 2, Troy Stetcher 5) at 8:39
2. Jets , Ryan Johansen 2 (Alex Galchenyuk 4) at 13:15 (PP)
Penalties :
Jordan Martinook (Ott) for High sticking (Minor) at 13:08, Riley Sheahan (Ott) for Delaying the game (Minor) at 19:05
2nd period
3. Senateurs , Alex Iafallo 4 (Eric Gelinas 4) at 2:34
Penalties :
Mirco Mueller (Win) for Interference (Minor) at 11:08, Ryan Murray (Win) for Hooking (Minor) at 14:32, Eric Gelinas (Ott) for Slashing (Minor) at 17:32
3rd period
4. Jets , Ryan Johansen 3 (Alex Galchenyuk 5) at 6:04 (PP)
5. Jets , Dylan Strome 1 (Mirco Mueller 1) at 8:08
Penalties :
Jake Gardiner (Ott) for Hooking (Minor) at 4:39, Nino Niederreiter (Win) for Hooking (Minor) at 10:09, Anthony Mantha (Win) for Delaying the game (Minor) at 13:18, Ryan Johansen (Win) for Roughing (Minor) at 16:26
Goalie Stats
Jacob Markstrom (Win), 32 saves from 33 shots - (0.970), W, 6-2-0, 60:00 minutes
Martin Jones (Ott), 28 saves from 32 shots - (0.875), L, 2-4-1, 60:00 minutes
Players Stats for Jets
Player Name G A P +/- PIM S H SB GA TA FO MP PP MP PK MP
------------------------------------------------------------------------------------
Adam Larsson 0 0 0 -1 0 2 2 1 1 1 0/0 23:15 0:00 5:51
Alex Galchenyuk 0 2 2 0 0 4 0 0 0 0 1/3 20:18 3:57 2:27
Anthony Mantha 0 0 0 1 2 0 1 0 0 0 0/0 17:15 3:44 4:28
Dougie Hamilton 0 0 0 -1 0 1 1 0 0 1 0/0 26:59 3:44 5:51
Dylan Strome 1 0 1 1 0 2 1 0 0 1 2/4 11:26 0:00 2:20
Erik Cernak 0 0 0 1 0 1 0 0 0 0 0/0 11:32 0:00 0:46
Frank Vatrano 1 0 1 0 0 3 2 1 1 0 0/0 12:26 0:00 3:42
Jeff Carter 0 1 1 0 0 2 0 0 0 0 2/4 8:00 0:00 0:05
Kyle Connor 0 0 0 0 0 0 0 1 0 0 0/0 7:38 0:00 0:00
Max Domi 0 0 0 0 0 4 1 0 1 0 6/11 14:26 1:33 0:00
Mirco Mueller 0 1 1 1 2 0 0 2 0 2 0/0 10:47 0:00 0:00
Nino Niederreiter 0 0 0 0 2 3 1 0 1 0 0/0 16:48 1:33 1:17
Ryan Johansen 2 0 2 0 2 4 1 1 0 2 13/30 17:56 3:57 0:00
Ryan Murray 0 0 0 1 2 0 0 1 1 0 0/0 22:09 1:46 3:18
Sam Reinhart 0 0 0 1 0 0 0 0 0 0 0/0 9:04 0:00 0:00
Troy Stetcher 0 1 1 1 0 1 0 0 0 1 0/0 22:15 1:46 4:04
Tyler Seguin 0 0 0 0 0 5 1 0 2 0 8/11 23:20 3:57 5:31
Tyler Toffoli 0 0 0 0 0 0 1 1 0 0 0/1 14:26 1:33 0:00
Players Stats for Senateurs
Player Name G A P +/- PIM S H SB GA TA FO MP PP MP PK MP
------------------------------------------------------------------------------------
Alex Iafallo 1 0 1 0 0 4 1 0 1 1 1/4 23:47 5:30 3:26
Brendan Smith 0 0 0 1 0 1 0 2 1 0 0/0 20:58 3:39 1:45
Dennis Everberg 0 0 0 0 0 1 0 0 0 0 0/0 7:02 0:19 0:00
Dmitry Sinitsyn 0 0 0 -1 0 1 0 2 0 0 0/0 12:45 0:00 1:15
Eric Gelinas 0 1 1 1 2 0 1 1 0 2 0/0 19:11 3:39 0:19
Jake Gardiner 0 0 0 -1 2 4 3 2 0 0 0/0 27:14 6:16 3:08
Jared Cowen 0 0 0 0 0 2 0 0 0 2 0/0 26:22 6:16 4:33
Joel Eriksson Ek 0 0 0 0 0 0 0 1 0 0 5/8 7:54 0:00 1:11
Jordan Martinook 0 0 0 0 2 2 4 0 3 0 0/0 17:59 4:06 1:02
Jordan Schmaltz 0 0 0 -2 0 1 0 1 0 0 0/0 13:28 0:00 0:00
Michael Frolik 0 0 0 0 0 1 1 1 0 0 1/3 20:19 5:30 0:00
Nick Bjugstad 0 0 0 0 0 3 2 1 0 2 20/37 23:47 5:30 3:26
Quinton Howden 0 0 0 -1 0 3 0 0 2 0 1/2 10:09 0:00 0:00
Richard Panik 0 0 0 -1 0 2 1 0 0 0 0/0 10:28 0:19 0:00
Riley Sheahan 0 0 0 0 2 2 1 0 0 0 0/1 16:59 4:06 0:00
Tim Schaller 0 0 0 0 0 2 0 1 0 0 0/0 8:04 0:19 1:02
Vincent Trocheck 0 0 0 0 0 4 2 1 0 0 4/9 17:51 4:06 0:53
Zachary Sanford 0 0 0 -1 0 0 3 0 1 0 0/0 10:09 0:00 0:00
3 Stars
1 - Jacob Markstrom (Win)
2 - Ryan Johansen (Win)
3 - Dylan Strome (Win)
Power Play
Jets - 2 on 4 Attempt(s) - 50.00%
Senateurs - 0 on 5 Attempt(s) - 0.00%
Penalty Kill
Jets - 5 on 5 Attempt(s) - 100.00%
- Score 0 goal in Penalty Kill
Senateurs - 2 on 4 Attempt(s) - 50.00%
- Score 0 goal in Penalty Kill
Team Stat
Jets - Hits : 12 - Faceoff Wins : 32 - Blocked Shots : 8 - Penalty Minutes : 10
Senateurs - Hits : 19 - Faceoff Wins : 32 - Blocked Shots : 13 - Penalty Minutes : 8
Official
Referees : Brandon Schrader and Francois St. Laurent
Linesman : Jesse Marquis and Steve Miller
Game Notes
No Game Note
Finance
Level 1 -- Attendance: 6000 (100.00%) -- Ticket Income $600,000
Level 2 -- Attendance: 4701 (94.02%) -- Ticket Income $329,070
Level 3 -- Attendance: 1975 (98.75%) -- Ticket Income $79,000
Level 4 -- Attendance: 3632 (90.80%) -- Ticket Income $108,960
Luxury Box -- Attendance: 948 (94.80%) -- Ticket Income $189,600
Game was played at the Centre Canadian Tire.
Total Attendance: 17256 (95.87%)
Total Ticket Income: $1,306,630
Other Income: $195,994
Total Income: $1,502,624
Jets
5 vs 5 Forward
Center Left Wing Right Wing Time % Phy DF OF
1 Ryan Johansen Alex Galchenyuk Tyler Seguin 35 1 2 2
2 Max Domi Nino Niederreiter Tyler Toffoli 30 1 2 2
3 Dylan Strome Anthony Mantha Sam Reinhart 20 1 2 2
4 Jeff Carter Kyle Connor Frank Vatrano 15 1 2 2
5 vs 5 Defense
Defense Defense Time % Phy DF OF
1 Dougie Hamilton Adam Larsson 40 1 2 2
2 Ryan Murray Troy Stetcher 30 1 2 2
3 Mirco Mueller Erik Cernak 20 1 2 2
4 Dougie Hamilton Adam Larsson 10 1 2 2
PowerPlay Forward
Center Left Wing Right Wing Time % Phy DF OF
1 Ryan Johansen Alex Galchenyuk Tyler Seguin 60 1 2 2
2 Max Domi Nino Niederreiter Tyler Toffoli 40 1 2 2
PowerPlay Defense
Defense Defense Time % Phy DF OF
1 Dougie Hamilton Anthony Mantha 60 1 2 2
2 Ryan Murray Troy Stetcher 40 1 2 2
Penalty Kill 4 Players Forward
Center Wing Time % Phy DF OF
1 Tyler Seguin Anthony Mantha 60 1 2 2
2 Nino Niederreiter Frank Vatrano 40 1 2 2
Penalty Kill 4 Players Defense
Defense Defense Time % Phy DF OF
1 Dougie Hamilton Adam Larsson 60 1 2 2
2 Ryan Murray Troy Stetcher 40 1 2 2
Penalty Kill - 3 Players Forward
Forward Time % Phy DF OF
1 Anthony Mantha 60 1 2 2
2 Frank Vatrano 40 1 2 2
Penalty Kill - 3 Players Defense
Defense Defense Time % Phy DF OF
1 Dougie Hamilton Adam Larsson 60 1 2 2
2 Ryan Murray Troy Stetcher 40 1 2 2
4 vs 4 Forward
Center Wing Time % Phy DF OF
1 Ryan Johansen Tyler Seguin 60 1 2 2
2 Nino Niederreiter Alex Galchenyuk 40 1 2 2
4 vs 4 Defense
Defense Defense Time % Phy DF OF
1 Dougie Hamilton Adam Larsson 60 1 2 2
2 Ryan Murray Troy Stetcher 40 1 2 2
Last Minutes Offensive
Center Left Wing Right Wing Defense Defense
Ryan Johansen Alex Galchenyuk Tyler Seguin Dougie Hamilton Adam Larsson
Last Minutes Defensive
Center Left Wing Right Wing Defense Defense
Ryan Johansen Alex Galchenyuk Tyler Seguin Dougie Hamilton Adam Larsson
Goaltenders
Starting : Jacob Markstrom
Backup : Elvis Merzlikins
Extra Forwards
Normal : Anthony Mantha, Jeff Carter, Frank Vatrano - PP : Anthony Mantha, Jeff Carter - PK : Frank Vatrano
Extra Defensemen
Normal : Mirco Mueller, Erik Cernak, Ryan Murray - PP : Mirco Mueller - PK : Erik Cernak, Ryan Murray
Penalty Shots
Alex Galchenyuk, Tyler Seguin, Nino Niederreiter, Ryan Johansen, Tyler Toffoli
Custom OT Lines Forwards
Alex Galchenyuk, Tyler Seguin, Nino Niederreiter, Ryan Johansen, Tyler Toffoli, Max Domi, Anthony Mantha, Jeff Carter, Frank Vatrano, Dylan Strome
Custom OT Lines Defensemen
Dougie Hamilton, Adam Larsson, Ryan Murray, Troy Stetcher, Mirco Mueller
Scratches
None
Senateurs
5 vs 5 Forward
Center Left Wing Right Wing Time % Phy DF OF
1 Nick Bjugstad Alex Iafallo Michael Frolik 40 1 2 2
2 Vincent Trocheck Jordan Martinook Riley Sheahan 30 1 2 2
3 Quinton Howden Zachary Sanford Richard Panik 20 1 2 2
4 Joel Eriksson Ek Tim Schaller Dennis Everberg 10 1 2 2
5 vs 5 Defense
Defense Defense Time % Phy DF OF
1 Jake Gardiner Jared Cowen 40 1 2 2
2 Eric Gelinas Brendan Smith 30 1 2 2
3 Dmitry Sinitsyn Jordan Schmaltz 20 1 2 2
4 Jake Gardiner Jordan Schmaltz 10 1 2 2
PowerPlay Forward
Center Left Wing Right Wing Time % Phy DF OF
1 Nick Bjugstad Alex Iafallo Michael Frolik 60 1 1 3
2 Vincent Trocheck Jordan Martinook Riley Sheahan 40 1 1 3
PowerPlay Defense
Defense Defense Time % Phy DF OF
1 Jake Gardiner Jared Cowen 60 1 1 3
2 Eric Gelinas Brendan Smith 40 1 1 3
Penalty Kill 4 Players Forward
Center Wing Time % Phy DF OF
1 Nick Bjugstad Alex Iafallo 60 1 3 1
2 Vincent Trocheck Jordan Martinook 40 1 3 1
Penalty Kill 4 Players Defense
Defense Defense Time % Phy DF OF
1 Jake Gardiner Jared Cowen 60 1 3 1
2 Eric Gelinas Brendan Smith 40 1 3 1
Penalty Kill - 3 Players Forward
Forward Time % Phy DF OF
1 Nick Bjugstad 60 1 3 1
2 Vincent Trocheck 40 1 3 1
Penalty Kill - 3 Players Defense
Defense Defense Time % Phy DF OF
1 Jake Gardiner Jared Cowen 60 1 3 1
2 Eric Gelinas Brendan Smith 40 1 3 1
4 vs 4 Forward
Center Wing Time % Phy DF OF
1 Nick Bjugstad Alex Iafallo 60 1 3 1
2 Vincent Trocheck Jordan Martinook 40 1 3 1
4 vs 4 Defense
Defense Defense Time % Phy DF OF
1 Jake Gardiner Jared Cowen 60 1 3 1
2 Eric Gelinas Brendan Smith 40 1 3 1
Last Minutes Offensive
Center Left Wing Right Wing Defense Defense
Nick Bjugstad Alex Iafallo Michael Frolik Jake Gardiner Jared Cowen
Last Minutes Defensive
Center Left Wing Right Wing Defense Defense
Nick Bjugstad Alex Iafallo Michael Frolik Jake Gardiner Jared Cowen
Goaltenders
Starting : Martin Jones
Backup : Mikko Koskinen
Extra Forwards
Normal : Vincent Trocheck, Richard Panik, Jordan Martinook - PP : Vincent Trocheck, Richard Panik - PK : Vincent Trocheck
Extra Defensemen
Normal : Brendan Smith, Dmitry Sinitsyn, Jordan Schmaltz - PP : Brendan Smith - PK : Brendan Smith, Dmitry Sinitsyn
Penalty Shots
Nick Bjugstad, Michael Frolik, Riley Sheahan, Alex Iafallo, Vincent Trocheck
Custom OT Lines Forwards
Nick Bjugstad, Michael Frolik, Riley Sheahan, Alex Iafallo, Vincent Trocheck, Richard Panik, Jordan Martinook, Quinton Howden, Zachary Sanford, Dennis Everberg
Custom OT Lines Defensemen
Jake Gardiner, Jared Cowen, Eric Gelinas, Brendan Smith, Dmitry Sinitsyn
Scratches
Anton Lindholm (Healthy), Rostislav Olesz (Healthy), Zac Leslie (Healthy)
% Time on Ice - Jets
Lines # - Real PCT - Wanted PCT - Time Play
Normal Forward
1 - 31% - 35% - 13:54
2 - 31% - 30% - 13:59
3 - 20% - 20% - 9:04
4 - 17% - 15% - 7:38
Normal Defense
1 - 36% - 40% - 16:00
2 - 37% - 30% - 16:25
3 - 24% - 20% - 10:46
4 - 3% - 10% - 1:24
PP Forward
1 - 72% - 60% - 3:57
2 - 28% - 40% - 1:33
PP Defense
1 - 68% - 60% - 3:44
2 - 32% - 40% - 1:46
PK Forward
1 - 79% - 60% - 7:51
2 - 21% - 40% - 2:04
PK Defense
1 - 59% - 60% - 5:51
2 - 41% - 40% - 4:04
PK3 Forward
1 - 0% - 60%
2 - 0% - 40%
PK3 Defense
1 - 0% - 60%
2 - 0% - 40%
44 Forward
1 - 0% - 60%
2 - 0% - 40%
44 Defense
1 - 0% - 60%
2 - 0% - 40%
Last Minute Offensive - 0:00
Last Minute Defensive - 0:00
Total
Forward - 60:00
Defense - 60:00
|
% Time on Ice - Senateurs
Lines # - Real PCT - Wanted PCT - Time Play
Normal Forward
1 - 33% - 40% - 14:51
2 - 29% - 30% - 12:52
3 - 23% - 20% - 10:09
4 - 15% - 10% - 6:43
Normal Defense
1 - 35% - 40% - 15:33
2 - 35% - 30% - 15:34
3 - 25% - 20% - 11:10
4 - 5% - 10% - 2:18
PP Forward
1 - 59% - 60% - 5:49
2 - 41% - 40% - 4:06
PP Defense
1 - 63% - 60% - 6:16
2 - 37% - 40% - 3:39
PK Forward
1 - 84% - 60% - 4:37
2 - 16% - 40% - 0:53
PK Defense
1 - 83% - 60% - 4:33
2 - 17% - 40% - 0:57
PK3 Forward
1 - 0% - 60%
2 - 0% - 40%
PK3 Defense
1 - 0% - 60%
2 - 0% - 40%
44 Forward
1 - 0% - 60%
2 - 0% - 40%
44 Defense
1 - 0% - 60%
2 - 0% - 40%
Last Minute Offensive - 0:00
Last Minute Defensive - 0:00
Total
Forward - 60:00
Defense - 60:00
|
Play-by-Play
1st period
0:01 of 1st period - Nick Bjugstad wins face-off versus Ryan Johansen in neutral zone.
0:16 of 1st period - Wrist shot by Alex Galchenyuk.
0:16 of 1st period - Shot Misses the Net.
0:26 of 1st period - Tyler Toffoli is hit by Jordan Martinook and loses puck.
1:13 of 1st period - Snap shot by Sam Reinhart.
1:13 of 1st period - Deflect By Dylan Strome.
1:13 of 1st period - Shot Misses the Net.
1:13 of 1st period - Puck is out of play.
1:14 of 1st period - Joel Eriksson Ek wins face-off versus Ryan Johansen in Senateurs zone.
1:21 of 1st period - Snap shot by Tim Schaller.
1:21 of 1st period - Shot Misses the Net.
1:23 of 1st period - Snap shot by Brendan Smith.
1:23 of 1st period - Stopped by Jacob Markstrom without a rebound.
1:24 of 1st period - Ryan Johansen wins face-off versus Michael Frolik in Jets zone.
1:34 of 1st period - Off-side.
1:35 of 1st period - Max Domi wins face-off versus Nick Bjugstad in neutral zone.
1:44 of 1st period - Snap shot by Tyler Toffoli.
1:44 of 1st period - Shot Misses the Net.
2:25 of 1st period - Wrist shot by Tyler Seguin.
2:25 of 1st period - Shot Blocked by Brendan Smith.
3:27 of 1st period - Anthony Mantha is hit by Jordan Martinook.
3:32 of 1st period - Off-side.
3:33 of 1st period - Alex Galchenyuk wins face-off versus Nick Bjugstad in neutral zone.
3:48 of 1st period - Snap shot by Ryan Johansen.
3:48 of 1st period - Stopped by Martin Jones with a rebound.
4:07 of 1st period - Slapshot by Riley Sheahan.
4:07 of 1st period - Shot Misses the Net.
4:31 of 1st period - Frank Vatrano is hit by Zachary Sanford.
5:00 of 1st period - Icing by Anthony Mantha.
5:01 of 1st period - Joel Eriksson Ek wins face-off versus Tyler Seguin in Jets zone.
5:18 of 1st period - Slapshot by Ryan Johansen.
5:18 of 1st period - Shot Blocked by Jake Gardiner.
5:30 of 1st period - Snap shot by Alex Iafallo.
5:30 of 1st period - Stopped by Jacob Markstrom with a rebound.
6:01 of 1st period - Wrist shot by Vincent Trocheck.
6:01 of 1st period - Stopped by Jacob Markstrom with a rebound.
6:43 of 1st period - Wrist shot by Alex Galchenyuk.
6:43 of 1st period - Shot Misses the Net.
6:45 of 1st period - Wrist shot by Tyler Seguin.
6:45 of 1st period - Stopped by Martin Jones without a rebound.
6:46 of 1st period - Vincent Trocheck wins face-off versus Tyler Toffoli in Senateurs zone.
7:18 of 1st period - Snap shot by Nick Bjugstad.
7:18 of 1st period - Stopped by Jacob Markstrom without a rebound.
7:19 of 1st period - Ryan Johansen wins face-off versus Nick Bjugstad in Jets zone.
8:37 of 1st period - Snap shot by Jeff Carter.
8:37 of 1st period - Stopped by Martin Jones with a rebound.
8:39 of 1st period - Snap shot by Frank Vatrano.
8:39 of 1st period - Goal by Frank Vatrano - Jets : 1 - Senateurs : 0.
8:40 of 1st period - Ryan Johansen wins face-off versus Nick Bjugstad in neutral zone.
9:05 of 1st period - Tyler Toffoli is hit by Jake Gardiner and loses puck.
9:28 of 1st period - Anthony Mantha is hit by Jake Gardiner and loses puck.
11:01 of 1st period - Wrist shot by Zachary Sanford.
11:01 of 1st period - Deflect By Richard Panik.
11:01 of 1st period - Shot Misses the Net.
11:01 of 1st period - Puck is out of play.
11:02 of 1st period - Nick Bjugstad wins face-off versus Ryan Johansen in Jets zone.
11:11 of 1st period - Wrist shot by Alex Galchenyuk.
11:11 of 1st period - Shot Misses the Net.
11:54 of 1st period - Snap shot by Jordan Martinook.
11:54 of 1st period - Shot Misses the Net.
11:56 of 1st period - Slapshot by Dmitry Sinitsyn.
11:56 of 1st period - Deflect By Ryan Murray.
11:56 of 1st period - Stopped by Jacob Markstrom without a rebound.
11:57 of 1st period - Quinton Howden wins face-off versus Ryan Johansen in Jets zone.
12:02 of 1st period - Wrist shot by Quinton Howden.
12:02 of 1st period - Deflect By Richard Panik.
12:02 of 1st period - Shot Blocked by Adam Larsson.
12:02 of 1st period - Puck is out of play.
12:03 of 1st period - Ryan Johansen wins face-off versus Nick Bjugstad in Jets zone.
12:28 of 1st period - Backhand shot by Riley Sheahan.
12:28 of 1st period - Shot Misses the Net.
12:30 of 1st period - Slapshot by Jared Cowen.
12:30 of 1st period - Shot Blocked by Tyler Toffoli.
12:32 of 1st period - Slapshot by Jake Gardiner.
12:32 of 1st period - Stopped by Jacob Markstrom with a rebound.
12:36 of 1st period - Wrist shot by Riley Sheahan.
12:36 of 1st period - Stopped by Jacob Markstrom without a rebound.
12:37 of 1st period - Nick Bjugstad wins face-off versus Ryan Johansen in Jets zone.
12:49 of 1st period - Nick Bjugstad is hit by Tyler Seguin and loses puck.
13:01 of 1st period - Icing by Tyler Seguin.
13:02 of 1st period - Vincent Trocheck wins face-off versus Alex Galchenyuk in Jets zone.
13:08 of 1st period - Minor Penalty to Jordan Martinook for High sticking.
13:09 of 1st period - Ryan Johansen wins face-off versus Alex Iafallo in Senateurs zone.
13:13 of 1st period - Slapshot by Ryan Johansen.
13:13 of 1st period - Shot Misses the Net.
13:15 of 1st period - Wrist shot by Ryan Johansen.
13:15 of 1st period - Deflect By Alex Iafallo.
13:15 of 1st period - Goal by Ryan Johansen - Jets : 2 - Senateurs : 0.
13:16 of 1st period - Nick Bjugstad wins face-off versus Max Domi in neutral zone.
13:43 of 1st period - Alex Iafallo is hit by Anthony Mantha and loses puck.
14:34 of 1st period - Wrist shot by Quinton Howden.
14:34 of 1st period - Stopped by Jacob Markstrom with a rebound.
14:36 of 1st period - Wrist shot by Richard Panik.
14:36 of 1st period - Stopped by Jacob Markstrom without a rebound.
14:37 of 1st period - Joel Eriksson Ek wins face-off versus Max Domi in Jets zone.
14:38 of 1st period - Snap shot by Dennis Everberg.
14:38 of 1st period - Deflect By Nino Niederreiter.
14:38 of 1st period - Stopped by Jacob Markstrom with a rebound.
15:14 of 1st period - Snap shot by Richard Panik.
15:14 of 1st period - Stopped by Jacob Markstrom without a rebound.
15:15 of 1st period - Nick Bjugstad wins face-off versus Dylan Strome in Jets zone.
16:17 of 1st period - Wrist shot by Kyle Connor.
16:17 of 1st period - Shot Misses the Net.
16:23 of 1st period - Slapshot by Jake Gardiner.
16:23 of 1st period - Stopped by Jacob Markstrom without a rebound.
16:24 of 1st period - Alex Iafallo wins face-off versus Max Domi in Jets zone.
16:49 of 1st period - Riley Sheahan is hit by Adam Larsson and loses puck.
16:56 of 1st period - Wrist shot by Alex Galchenyuk.
16:56 of 1st period - Shot Blocked by Brendan Smith.
16:58 of 1st period - Slapshot by Troy Stetcher.
16:58 of 1st period - Shot Misses the Net.
17:00 of 1st period - Snap shot by Ryan Johansen.
17:00 of 1st period - Shot Blocked by Vincent Trocheck.
17:20 of 1st period - Wrist shot by Zachary Sanford.
17:20 of 1st period - Shot Misses the Net.
17:22 of 1st period - Snap shot by Quinton Howden.
17:22 of 1st period - Stopped by Jacob Markstrom without a rebound.
17:23 of 1st period - Max Domi wins face-off versus Nick Bjugstad in Jets zone.
17:48 of 1st period - Tyler Toffoli is hit by Zachary Sanford and loses puck.
17:55 of 1st period - Jake Gardiner is hit by Tyler Toffoli and loses puck.
18:06 of 1st period - Adam Larsson is hit by Zachary Sanford and loses puck.
18:28 of 1st period - Off-side.
18:29 of 1st period - Ryan Johansen wins face-off versus Nick Bjugstad in neutral zone.
18:47 of 1st period - Alex Galchenyuk is hit by Michael Frolik and loses puck.
19:00 of 1st period - Wrist shot by Frank Vatrano.
19:00 of 1st period - Stopped by Martin Jones without a rebound.
19:01 of 1st period - Jeff Carter wins face-off versus Vincent Trocheck in Senateurs zone.
19:05 of 1st period - Minor Penalty to Riley Sheahan for Delaying the game.
19:06 of 1st period - Nick Bjugstad wins face-off versus Ryan Johansen in Senateurs zone.
19:38 of 1st period - Snap shot by Max Domi.
19:38 of 1st period - Stopped by Martin Jones with a rebound.
19:40 of 1st period - Backhand shot by Nino Niederreiter.
19:40 of 1st period - Stopped by Martin Jones without a rebound.
19:41 of 1st period - Nick Bjugstad wins face-off versus Ryan Johansen in Senateurs zone.
Goals for this period are 2 for Jets vs 0 for Senateurs.
Shots for this period are 8 for Jets vs 13 for Senateurs.
2nd period
0:01 of 2nd period - Nick Bjugstad wins face-off versus Ryan Johansen in neutral zone.
0:13 of 2nd period - Off-side.
0:14 of 2nd period - Nick Bjugstad wins face-off versus Alex Galchenyuk in neutral zone.
0:47 of 2nd period - Jake Gardiner is hit by Nino Niederreiter and loses puck.
1:05 of 2nd period - Penalty to Riley Sheahan is over, Riley Sheahan is back on ice.
1:32 of 2nd period - Wrist shot by Ryan Murray.
1:32 of 2nd period - Shot Misses the Net.
2:34 of 2nd period - Snap shot by Alex Iafallo.
2:34 of 2nd period - Deflect By Dougie Hamilton.
2:34 of 2nd period - Goal by Alex Iafallo - Jets : 2 - Senateurs : 1.
2:35 of 2nd period - Ryan Johansen wins face-off versus Nick Bjugstad in neutral zone.
2:42 of 2nd period - Slapshot by Alex Iafallo.
2:42 of 2nd period - Deflect By Michael Frolik.
2:42 of 2nd period - Shot Misses the Net.
2:42 of 2nd period - Puck is out of play.
2:43 of 2nd period - Nick Bjugstad wins face-off versus Ryan Johansen in Jets zone.
2:48 of 2nd period - Slapshot by Jared Cowen.
2:48 of 2nd period - Deflect By Ryan Johansen.
2:48 of 2nd period - Stopped by Jacob Markstrom with a rebound.
2:50 of 2nd period - Slapshot by Jake Gardiner.
2:50 of 2nd period - Stopped by Jacob Markstrom without a rebound.
2:51 of 2nd period - Nick Bjugstad wins face-off versus Ryan Johansen in Jets zone.
3:00 of 2nd period - Snap shot by Michael Frolik.
3:00 of 2nd period - Deflect By Alex Iafallo.
3:00 of 2nd period - Stopped by Jacob Markstrom with a rebound.
3:18 of 2nd period - Jordan Martinook is hit by Dougie Hamilton and loses puck.
3:49 of 2nd period - Wrist shot by Dylan Strome.
3:49 of 2nd period - Shot Misses the Net.
3:51 of 2nd period - Wrist shot by Dylan Strome.
3:51 of 2nd period - Shot Misses the Net.
6:47 of 2nd period - Icing by Kyle Connor.
6:48 of 2nd period - Nick Bjugstad wins face-off versus Jeff Carter in Jets zone.
6:55 of 2nd period - Troy Stetcher is hit by Nick Bjugstad and loses puck.
7:18 of 2nd period - Slapshot by Dougie Hamilton.
7:18 of 2nd period - Stopped by Martin Jones with a rebound.
7:22 of 2nd period - Wrist shot by Frank Vatrano.
7:22 of 2nd period - Stopped by Martin Jones with a rebound.
7:37 of 2nd period - Icing by Troy Stetcher.
7:38 of 2nd period - Jeff Carter wins face-off versus Vincent Trocheck in Jets zone.
7:48 of 2nd period - Snap shot by Jeff Carter.
7:48 of 2nd period - Shot Misses the Net.
8:38 of 2nd period - Adam Larsson is hit by Richard Panik and loses puck.
9:05 of 2nd period - Wrist shot by Max Domi.
9:05 of 2nd period - Stopped by Martin Jones with a rebound.
9:22 of 2nd period - Tyler Seguin is hit by Alex Iafallo and loses puck.
9:41 of 2nd period - Snap shot by Vincent Trocheck.
9:41 of 2nd period - Shot Misses the Net.
9:43 of 2nd period - Snap shot by Jordan Martinook.
9:43 of 2nd period - Stopped by Jacob Markstrom with a rebound.
9:45 of 2nd period - Snap shot by Brendan Smith.
9:45 of 2nd period - Shot Misses the Net.
9:47 of 2nd period - Slapshot by Jared Cowen.
9:47 of 2nd period - Stopped by Jacob Markstrom without a rebound.
9:48 of 2nd period - Vincent Trocheck wins face-off versus Ryan Johansen in Jets zone.
10:15 of 2nd period - Michael Frolik is hit by Max Domi and loses puck.
10:40 of 2nd period - Wrist shot by Jeff Carter.
10:40 of 2nd period - Stopped by Martin Jones with a rebound.
10:42 of 2nd period - Wrist shot by Jeff Carter.
10:42 of 2nd period - Shot Misses the Net.
10:44 of 2nd period - Snap shot by Erik Cernak.
10:44 of 2nd period - Deflect By Frank Vatrano.
10:44 of 2nd period - Shot Misses the Net.
10:44 of 2nd period - Puck is out of play.
10:45 of 2nd period - Vincent Trocheck wins face-off versus Ryan Johansen in Senateurs zone.
11:08 of 2nd period - Minor Penalty to Mirco Mueller for Interference.
11:09 of 2nd period - Tyler Seguin wins face-off versus Nick Bjugstad in Jets zone.
12:52 of 2nd period - Jake Gardiner is hit by Frank Vatrano and loses puck.
13:08 of 2nd period - Penalty to Mirco Mueller is over, Mirco Mueller is back on ice.
13:24 of 2nd period - Snap shot by Quinton Howden.
13:24 of 2nd period - Shot Misses the Net.
13:40 of 2nd period - Snap shot by Joel Eriksson Ek.
13:40 of 2nd period - Deflect By Tim Schaller.
13:40 of 2nd period - Deflect By Jeff Carter.
13:40 of 2nd period - Shot Misses the Net.
13:40 of 2nd period - Puck is out of play.
13:41 of 2nd period - Joel Eriksson Ek wins face-off versus Jeff Carter in Jets zone.
13:48 of 2nd period - Snap shot by Tim Schaller.
13:48 of 2nd period - Stopped by Jacob Markstrom with a rebound.
14:06 of 2nd period - Ryan Murray is hit by Jordan Martinook and loses puck.
14:32 of 2nd period - Minor Penalty to Ryan Murray for Hooking.
14:33 of 2nd period - Nick Bjugstad wins face-off versus Tyler Seguin in Jets zone.
14:47 of 2nd period - Wrist shot by Alex Iafallo.
14:47 of 2nd period - Stopped by Jacob Markstrom without a rebound.
14:48 of 2nd period - Tyler Seguin wins face-off versus Nick Bjugstad in Jets zone.
15:01 of 2nd period - Wrist shot by Nick Bjugstad.
15:01 of 2nd period - Shot Misses the Net.
15:03 of 2nd period - Wrist shot by Nick Bjugstad.
15:03 of 2nd period - Stopped by Jacob Markstrom without a rebound.
15:04 of 2nd period - Tyler Seguin wins face-off versus Alex Iafallo in Jets zone.
16:07 of 2nd period - Erik Cernak is hit by Vincent Trocheck and loses puck.
16:32 of 2nd period - Penalty to Ryan Murray is over, Ryan Murray is back on ice.
16:40 of 2nd period - Slapshot by Jake Gardiner.
16:40 of 2nd period - Shot Misses the Net.
16:42 of 2nd period - Snap shot by Riley Sheahan.
16:42 of 2nd period - Shot Misses the Net.
17:06 of 2nd period - Snap shot by Riley Sheahan.
17:06 of 2nd period - Stopped by Jacob Markstrom with a rebound.
17:08 of 2nd period - Slapshot by Vincent Trocheck.
17:08 of 2nd period - Stopped by Jacob Markstrom with a rebound.
17:10 of 2nd period - Slapshot by Vincent Trocheck.
17:10 of 2nd period - Stopped by Jacob Markstrom with a rebound.
17:12 of 2nd period - Slapshot by Jake Gardiner.
17:12 of 2nd period - Stopped by Jacob Markstrom without a rebound.
17:13 of 2nd period - Nick Bjugstad wins face-off versus Ryan Johansen in Jets zone.
17:24 of 2nd period - Snap shot by Tyler Seguin.
17:24 of 2nd period - Stopped by Martin Jones with a rebound.
17:26 of 2nd period - Slapshot by Erik Cernak.
17:26 of 2nd period - Shot Hit the Post.
17:32 of 2nd period - Minor Penalty to Eric Gelinas for Slashing.
17:33 of 2nd period - Ryan Johansen wins face-off versus Nick Bjugstad in Senateurs zone.
17:34 of 2nd period - Slapshot by Alex Galchenyuk.
17:34 of 2nd period - Shot Misses the Net.
18:33 of 2nd period - Icing by Troy Stetcher.
18:34 of 2nd period - Max Domi wins face-off versus Joel Eriksson Ek in Jets zone.
18:38 of 2nd period - Off-side.
18:39 of 2nd period - Tyler Seguin wins face-off versus Joel Eriksson Ek in neutral zone.
18:42 of 2nd period - Wrist shot by Anthony Mantha.
18:42 of 2nd period - Shot Blocked by Jake Gardiner.
19:32 of 2nd period - Penalty to Eric Gelinas is over, Eric Gelinas is back on ice.
Goals for this period are 0 for Jets vs 1 for Senateurs.
Shots for this period are 5 for Jets vs 13 for Senateurs.
3rd period
0:01 of 3rd period - Nick Bjugstad wins face-off versus Ryan Johansen in neutral zone.
0:04 of 3rd period - Snap shot by Nick Bjugstad.
0:04 of 3rd period - Shot Blocked by Ryan Johansen.
0:06 of 3rd period - Slapshot by Jake Gardiner.
0:06 of 3rd period - Shot Hit the Post.
0:55 of 3rd period - Wrist shot by Richard Panik.
0:55 of 3rd period - Shot Misses the Net.
0:57 of 3rd period - Slapshot by Jordan Schmaltz.
0:57 of 3rd period - Deflect By Dylan Strome.
0:57 of 3rd period - Stopped by Jacob Markstrom with a rebound.
1:13 of 3rd period - Slapshot by Frank Vatrano.
1:13 of 3rd period - Shot Blocked by Dmitry Sinitsyn.
2:24 of 3rd period - Snap shot by Quinton Howden.
2:24 of 3rd period - Shot Blocked by Mirco Mueller.
2:26 of 3rd period - Slapshot by Jake Gardiner.
2:26 of 3rd period - Shot Blocked by Mirco Mueller.
2:28 of 3rd period - Wrist shot by Richard Panik.
2:28 of 3rd period - Shot Blocked by Kyle Connor.
2:38 of 3rd period - Dennis Everberg is hit by Dylan Strome and loses puck.
3:11 of 3rd period - Wrist shot by Ryan Johansen.
3:11 of 3rd period - Stopped by Martin Jones with a rebound.
3:28 of 3rd period - Snap shot by Max Domi.
3:28 of 3rd period - Stopped by Martin Jones with a rebound.
3:30 of 3rd period - Snap shot by Tyler Toffoli.
3:30 of 3rd period - Shot Blocked by Eric Gelinas.
3:32 of 3rd period - Wrist shot by Nino Niederreiter.
3:32 of 3rd period - Stopped by Martin Jones without a rebound.
3:33 of 3rd period - Michael Frolik wins face-off versus Ryan Johansen in Senateurs zone.
3:58 of 3rd period - Nino Niederreiter is hit by Jordan Martinook and loses puck.
4:07 of 3rd period - Snap shot by Jordan Martinook.
4:07 of 3rd period - Stopped by Jacob Markstrom with a rebound.
4:09 of 3rd period - Snap shot by Vincent Trocheck.
4:09 of 3rd period - Shot Blocked by Ryan Murray.
4:39 of 3rd period - Minor Penalty to Jake Gardiner for Hooking.
4:40 of 3rd period - Ryan Johansen wins face-off versus Nick Bjugstad in Senateurs zone.
4:41 of 3rd period - Snap shot by Alex Galchenyuk.
4:41 of 3rd period - Stopped by Martin Jones without a rebound.
4:42 of 3rd period - Nick Bjugstad wins face-off versus Ryan Johansen in Senateurs zone.
4:48 of 3rd period - Icing by Dougie Hamilton.
4:49 of 3rd period - Nick Bjugstad wins face-off versus Ryan Johansen in Jets zone.
6:02 of 3rd period - Wrist shot by Alex Galchenyuk.
6:02 of 3rd period - Stopped by Martin Jones with a rebound.
6:04 of 3rd period - Snap shot by Ryan Johansen.
6:04 of 3rd period - Goal by Ryan Johansen - Jets : 3 - Senateurs : 1.
6:05 of 3rd period - Max Domi wins face-off versus Vincent Trocheck in neutral zone.
6:57 of 3rd period - Ryan Murray is hit by Nick Bjugstad and loses puck.
7:16 of 3rd period - Slapshot by Troy Stetcher.
7:16 of 3rd period - Stopped by Martin Jones without a rebound.
7:17 of 3rd period - Max Domi wins face-off versus Riley Sheahan in Senateurs zone.
7:28 of 3rd period - Tyler Toffoli is hit by Vincent Trocheck and loses puck.
7:43 of 3rd period - Nick Bjugstad is hit by Ryan Johansen and loses puck.
7:56 of 3rd period - Slapshot by Alex Galchenyuk.
7:56 of 3rd period - Shot Blocked by Nick Bjugstad.
8:08 of 3rd period - Wrist shot by Dylan Strome.
8:08 of 3rd period - Goal by Dylan Strome - Jets : 4 - Senateurs : 1.
8:09 of 3rd period - Ryan Johansen wins face-off versus Alex Iafallo in neutral zone.
8:12 of 3rd period - Slapshot by Dougie Hamilton.
8:12 of 3rd period - Shot Misses the Net.
8:14 of 3rd period - Wrist shot by Tyler Seguin.
8:14 of 3rd period - Stopped by Martin Jones with a rebound.
8:16 of 3rd period - Slapshot by Adam Larsson.
8:16 of 3rd period - Stopped by Martin Jones with a rebound.
8:18 of 3rd period - Wrist shot by Ryan Johansen.
8:18 of 3rd period - Shot Blocked by Michael Frolik.
8:20 of 3rd period - Wrist shot by Tyler Seguin.
8:20 of 3rd period - Stopped by Martin Jones without a rebound.
8:21 of 3rd period - Ryan Johansen wins face-off versus Nick Bjugstad in Senateurs zone.
8:22 of 3rd period - Wrist shot by Tyler Seguin.
8:22 of 3rd period - Stopped by Martin Jones without a rebound.
8:23 of 3rd period - Ryan Johansen wins face-off versus Nick Bjugstad in Senateurs zone.
8:30 of 3rd period - Slapshot by Alex Galchenyuk.
8:30 of 3rd period - Stopped by Martin Jones with a rebound.
8:32 of 3rd period - Snap shot by Adam Larsson.
8:32 of 3rd period - Shot Misses the Net.
8:56 of 3rd period - Snap shot by Nino Niederreiter.
8:56 of 3rd period - Stopped by Martin Jones with a rebound.
8:58 of 3rd period - Slapshot by Tyler Toffoli.
8:58 of 3rd period - Shot Misses the Net.
9:00 of 3rd period - Snap shot by Max Domi.
9:00 of 3rd period - Stopped by Martin Jones without a rebound.
9:01 of 3rd period - Ryan Johansen wins face-off versus Quinton Howden in Senateurs zone.
9:16 of 3rd period - Wrist shot by Alex Galchenyuk.
9:16 of 3rd period - Stopped by Martin Jones with a rebound.
9:54 of 3rd period - Slapshot by Quinton Howden.
9:54 of 3rd period - Stopped by Jacob Markstrom without a rebound.
9:55 of 3rd period - Max Domi wins face-off versus Nick Bjugstad in Jets zone.
10:09 of 3rd period - Minor Penalty to Nino Niederreiter for Hooking.
10:10 of 3rd period - Tyler Seguin wins face-off versus Nick Bjugstad in Jets zone.
11:03 of 3rd period - Ryan Murray is hit by Jake Gardiner and loses puck.
12:09 of 3rd period - Penalty to Nino Niederreiter is over, Nino Niederreiter is back on ice.
12:19 of 3rd period - Slapshot by Nino Niederreiter.
12:19 of 3rd period - Shot Misses the Net.
12:21 of 3rd period - Wrist shot by Frank Vatrano.
12:21 of 3rd period - Shot Blocked by Jordan Schmaltz.
12:23 of 3rd period - Snap shot by Jeff Carter.
12:23 of 3rd period - Shot Misses the Net.
12:25 of 3rd period - Slapshot by Adam Larsson.
12:25 of 3rd period - Stopped by Martin Jones without a rebound.
12:26 of 3rd period - Joel Eriksson Ek wins face-off versus Max Domi in Senateurs zone.
12:42 of 3rd period - Snap shot by Nino Niederreiter.
12:42 of 3rd period - Shot Blocked by Dmitry Sinitsyn.
12:54 of 3rd period - Wrist shot by Sam Reinhart.
12:54 of 3rd period - Shot Misses the Net.
12:56 of 3rd period - Snap shot by Dylan Strome.
12:56 of 3rd period - Stopped by Martin Jones without a rebound.
12:57 of 3rd period - Nick Bjugstad wins face-off versus Dylan Strome in Senateurs zone.
13:18 of 3rd period - Minor Penalty to Anthony Mantha for Delaying the game.
13:19 of 3rd period - Tyler Seguin wins face-off versus Michael Frolik in Jets zone.
14:04 of 3rd period - Snap shot by Michael Frolik.
14:04 of 3rd period - Shot Misses the Net.
14:22 of 3rd period - Wrist shot by Michael Frolik.
14:22 of 3rd period - Stopped by Jacob Markstrom without a rebound.
14:23 of 3rd period - Tyler Seguin wins face-off versus Vincent Trocheck in Jets zone.
14:55 of 3rd period - Icing by Brendan Smith.
14:56 of 3rd period - Dylan Strome wins face-off versus Vincent Trocheck in Senateurs zone.
15:18 of 3rd period - Penalty to Anthony Mantha is over, Anthony Mantha is back on ice.
15:39 of 3rd period - Snap shot by Jordan Martinook.
15:39 of 3rd period - Shot Blocked by Frank Vatrano.
16:26 of 3rd period - Minor Penalty to Ryan Johansen for Roughing.
16:27 of 3rd period - Nick Bjugstad wins face-off versus Tyler Seguin in Jets zone.
16:29 of 3rd period - Snap shot by Alex Iafallo.
16:29 of 3rd period - Shot Misses the Net.
16:31 of 3rd period - Snap shot by Nick Bjugstad.
16:31 of 3rd period - Stopped by Jacob Markstrom without a rebound.
16:32 of 3rd period - Tyler Seguin wins face-off versus Nick Bjugstad in Jets zone.
17:12 of 3rd period - Frank Vatrano is hit by Riley Sheahan.
17:38 of 3rd period - Michael Frolik is hit by Adam Larsson and loses puck.
18:05 of 3rd period - Alex Galchenyuk is hit by Eric Gelinas and loses puck.
18:10 of 3rd period - Snap shot by Tim Schaller.
18:10 of 3rd period - Stopped by Jacob Markstrom with a rebound.
18:24 of 3rd period - Nick Bjugstad is hit by Frank Vatrano and loses puck.
18:26 of 3rd period - Penalty to Ryan Johansen is over, Ryan Johansen is back on ice.
19:13 of 3rd period - Snap shot by Erik Cernak.
19:13 of 3rd period - Stopped by Martin Jones without a rebound.
19:14 of 3rd period - Dylan Strome wins face-off versus Joel Eriksson Ek in Senateurs zone.
19:19 of 3rd period - Snap shot by Dylan Strome.
19:19 of 3rd period - Shot Blocked by Tim Schaller.
19:21 of 3rd period - Slapshot by Troy Stetcher.
19:21 of 3rd period - Shot Blocked by Joel Eriksson Ek.
19:47 of 3rd period - Snap shot by Vincent Trocheck.
19:47 of 3rd period - Stopped by Jacob Markstrom without a rebound.
19:48 of 3rd period - Nick Bjugstad wins face-off versus Max Domi in Jets zone.
Goals for this period are 2 for Jets vs 0 for Senateurs.
Shots for this period are 19 for Jets vs 7 for Senateurs.